 Dungeon Crawl Stone Soup version 0.27-a0-412-g8dd771eca2 (webtiles) character file.

Game seed: 12214407914963614728

5 wampuh the Chopper (level 1, -2/20 HPs)
             Began as a Hill Orc Monk on Feb 24, 2021.
             Slain by a rat (3 damage)
             ... on level 1 of the Dungeon.
             The game lasted 00:00:33 (62 turns).

wampuh the Chopper (Hill Orc Monk)                    Turns: 62, Time: 00:00:34

Health: -2/20      AC:  2    Str: 13    XL:     1   Next: 80%
Magic:  1/1        EV: 12    Int: 10    God:
Gold:   4          SH:  0    Dex: 13    Spells: 0/0 levels left

rFire    . . .     SeeInvis .   a - +0 hand axe
rCold    . . .     Faith    .   (no shield)
rNeg     . . .     Spirit   .   b - +0 robe
rPois    .         Reflect  .   (no helmet)
rElec    .         Harm     .   (no cloak)
rCorr    .         Rampage  .   (no gloves)
Will     .....                  (no boots)
Stlth    ++........             (no amulet)
HPRegen  0.06/turn              (no ring)
MPRegen  0.07/turn              (no ring)

@: flying
A: no striking features
a: no special abilities


You were on level 1 of the Dungeon.
You visited 1 branch of the dungeon, and saw 1 of its levels.

You collected 4 gold pieces.

Inventory:

Hand Weapons
 a - a +0 hand axe (weapon)
Armour
 b - a +0 robe (worn)


   Skills:
 + Level 3.7 Fighting
 * Level 4.3 Axes
 + Level 0.4 Armour
 - Level 2.4 Dodging
 - Level 1.5 Stealth


You couldn't memorise any spells.
You didn't know any spells.
Your spell library was empty.

Dungeon Overview and Level Annotations

Branches:
Dungeon (1/15)

Altars:


Message History

You are too injured to fight recklessly!
You are too injured to fight recklessly!
Unknown command.
The bat closely misses you. The bat hits you but does no damage.
The bat hits you. The leopard gecko barely misses you. The bat misses you.
The bat hits you. The bat misses you.
You are too injured to fight recklessly!
You are too injured to fight recklessly!
You are too injured to fight recklessly!
You closely miss the leopard gecko.
The leopard gecko is moderately wounded.
The bat hits you but does no damage.
The leopard gecko completely misses you.
You hit the bat.
You kill the bat!
You barely miss the leopard gecko. The leopard gecko misses you.
You barely miss the leopard gecko.
The leopard gecko is moderately wounded.
The leopard gecko barely misses you. The leopard gecko misses you.
You barely miss the leopard gecko.
The leopard gecko is moderately wounded.
The leopard gecko bites you but does no damage.
You completely miss the leopard gecko.
The leopard gecko is moderately wounded.
The leopard gecko bites you.
* * * LOW HITPOINT WARNING * * *
It was a potion of flight.
You feel very buoyant.
You fly up into the air.
The leopard gecko barely misses you. The rat bites you.
* * * LOW HITPOINT WARNING * * *
The leopard gecko closely misses you.
You barely miss the leopard gecko.
The leopard gecko is moderately wounded.
You hit the rat. The rat barely misses you.
The leopard gecko barely misses you. The rat bites you.
You die...

...............)........
#.......................
#.......................
.........##.............
##.....#...#.#g###......
#..##..##...$#.###......
..###..##...............
.####..##.....brl..#....
.....#..........@#####.#
.....................#
#.#.....................
..###..#.........###.#.#
## ......####.### #
.###### #. .. ##


You could see a leopard gecko, a hobgoblin, a bat and a rat.

Vanquished Creatures
  2 bats (D:1)
  2 hobgoblins (D:1)
  A kobold (D:1)
5 creatures vanquished.

Notes
Turn   | Place    | Note
-------+----------+-------------------------------------------
     0 | D:1      | wampuh the Hill Orc Monk began the quest for the Orb.
     0 | D:1      | Reached XP level 1. HP: 19/19 MP: 1/1
    58 | D:1      | HP: 1/20 [rat (3)]
    62 | D:1      | Slain by a rat

Illustrated notes

Levels and vault maps discovered:
D:1:      grunt_arrival_crossed_arrows, layout_rooms, hangedman_decor_growths,
          minmay_bisected

Action                   || total
-------------------------++-------
Melee: Hand axe          ||    16
  Use: Potion            ||     1
Armor: Robe              ||     6
Dodge: Dodged            ||    20

Table legend: (Time is in decaauts)
 A = Elapsed time spent in this place.
 B = Non-inter-level travel time spent in this place.
 C = Inter-level travel time spent in this place.
 D = Time resting spent in this place.
 E = Time spent auto-exploring this place.
 F = Levels seen in this place.
 G = Mean time per level.
                   A        B        C        D        E       F      G
               +--------+--------+--------+--------+--------+-----+--------+
         Total |     63 |     63 |      0 |      0 |     19 |   1 |   63.0 |
       Dungeon |     63 |     63 |      0 |      0 |     19 |   1 |   63.0 |
               +--------+--------+--------+--------+--------+-----+--------+

Top non-repeatable levels by time:
     D:1: 63 daAuts
